AoeStats
← Joaking

Black Forest

506955336Analyzed
4v4 RM · 15d ago on Sep 15, 2026· 49m 4s· 8 players
Game mode
Random Map
Map size
Large (8 player)
Population
200
Speed
Normal
Resources
Standard
Victory
Conquest
Starting age
Dark Age
Ending age
Imperial Age
RankedLock teamsTeams togetherTeam positionsShared explorationLock speedFull tech treeHidden civsTurbo modeCheats
Victory
Defeat
🇪🇸 Franks · Spain
1119
+11
🇲🇽 Romans · Mexico
1099
+12
🇲🇽 Byzantines · Mexico
984
+17
🇺🇸 Lithuanians · United States
917
+19
🇧🇷 Turks · Brazil
1035
-16
🇨🇴 Muisca · Colombia
1011
-15
🇨🇱 Britons · Chile
1005
-42
🇨🇱 Maya · Chile
970
-13
Joaking
2:27 Loom
12:10 Feudal Age
14:48 Double-Bit Axe
15:56 Wheelbarrow
18:38 Castle Age
20:26 Bow Saw
19:59 Horse Collar
28:43 Heavy Plow
29:06 Hand Cart
28:40 Town Watch
32:06 Imperial Age
30:23 Fletching
30:34 Padded Archer Armor
30:59 Ballistics
30:49 Fortified Wall
30:51 Masonry
30:08 Eagle Warrior
30:33 Arson
30:49 Squires
30:12 Pikeman
30:53 Squires
30:39 Arson
31:40 Bodkin Arrow
32:01 Leather Archer Armor
33:48 Chemistry
32:53 Bracer
32:54 Scale Mail Armor
32:28 Elite Plumed Archer
33:31 Conscription
34:00 Caravan
34:31 Coinage
34:13 Guilds
34:07 Town Patrol
34:41 Ring Archer Armor
34:45 Architecture
34:48 Crop Rotation
33:59 Halberdier
35:51 Gold Mining
35:51 Stone Mining
35:52 Eagle Warrior
36:43 Hul'che Javelineers
37:12 Treadmill Crane
39:36 Stone Shaft Mining
39:25 Thumb Ring
38:42 Elite Skirmisher
39:54 Chain Mail Armor
39:49 Forging
39:21 Elite Eagle Warrior
41:06 Holcans
42:38 Onager
CC182
2:26 Loom
2:35 Loom
8:32 Feudal Age
10:21 Double-Bit Axe
11:53 Town Watch
14:55 Horse Collar
44:20 Castle Age
tts.engamb
12:18 Feudal Age
17:22 Castle Age
16:52 Stone Mining
16:44 Horse Collar
16:54 Double-Bit Axe
18:52 Gold Mining
19:42 Wheelbarrow
18:53 Loom
33:38 Imperial Age
31:24 Hand Cart
31:57 Gold Shaft Mining
31:39 Heavy Plow
31:55 Bow Saw
31:53 Caravan
32:24 Coinage
33:28 Fletching
33:48 Forging
33:58 Town Watch
36:33 Two-Man Saw
36:09 Iron Casting
35:30 Bodkin Arrow
35:41 Scale Barding Armor
34:58 Elite Janissary
36:15 Banking
35:55 Guilds
36:35 Town Patrol
37:53 Blast Furnace
38:05 Bracer
39:09 Chain Barding Armor
38:52 Artillery
39:11 Bloodlines
39:01 Husbandry
44:05 Plate Barding Armor
45:24 Bombard Tower
44:50 Arrowslits
45:25 Ballistics
44:56 Heated Shot
44:46 Treadmill Crane
45:21 Masonry
KOYOTIN
16:43 Feudal Age
16:49 Man-at-Arms
17:17 Horse Collar
17:27 Double-Bit Axe
23:13 Wheelbarrow
25:33 Town Watch
25:35 Loom
30:49 Castle Age
29:13 Arson
31:08 Crossbowman
31:09 Long Swordsman
34:05 Gambesons
35:10 Bow Saw
35:23 Gold Mining
35:24 Stone Mining
37:11 Pikeman
37:51 Squires
38:45 Hand Cart
38:34 Town Patrol
40:02 Fortified Wall
40:20 Treadmill Crane
40:51 Masonry
40:34 Heated Shot
41:56 Heavy Plow
42:19 Bow Saw
43:30 Gold Shaft Mining
46:55 Imperial Age
45:16 Ballistics
44:47 Guard Tower
47:05 Scale Mail Armor
47:16 Forging
47:06 Padded Archer Armor
46:57 Fletching
47:01 Two-Handed Swordsman
47:02 Halberdier
SER
1:37 Loom
13:39 Feudal Age
14:31 Double-Bit Axe
14:27 Horse Collar
20:18 Castle Age
21:30 Bow Saw
21:20 Heavy Plow
28:07 Gold Mining
29:53 Stone Mining
30:39 Gold Shaft Mining
31:45 Wheelbarrow
33:08 Scale Mail Armor
33:00 Fletching
33:31 Hand Cart
34:35 Chain Mail Armor
34:30 Forging
37:41 Imperial Age
35:33 Bodkin Arrow
36:00 Ballistics
35:21 Treadmill Crane
36:13 Fortified Wall
36:44 Pikeman
36:47 Elite Skirmisher
37:34 Thumb Ring
38:13 Stone Shaft Mining
39:21 Scale Barding Armor
39:52 Iron Casting
40:27 Chain Barding Armor
40:30 Heavy Camel Rider
41:11 Husbandry
40:44 Light Cavalry
43:24 Conscription
43:42 Plate Barding Armor
42:29 Hussar
43:13 Halberdier
44:56 Hoardings
44:33 Squires
44:20 Arson
46:43 Block Printing
46:49 Sanctity
47:36 Chemistry
48:22 Plate Mail Armor
47:53 Bracer
Sniper_Wolf
0:29 Loom
13:21 Feudal Age
13:24 Man-at-Arms
13:54 Double-Bit Axe
13:52 Horse Collar
15:47 Gold Mining
20:57 Wheelbarrow
20:59 Scale Barding Armor
21:05 Forging
20:56 Scale Mail Armor
23:52 Castle Age
23:18 Bloodlines
25:03 Bow Saw
24:46 Long Swordsman
25:29 Squires
26:06 Iron Casting
25:46 Chain Mail Armor
25:57 Heavy Plow
31:11 Masonry
35:13 Imperial Age
34:28 Ballistas
36:56 Blast Furnace
35:18 Legionary
35:25 Capped Ram
36:30 Conscription
37:25 Comitatenses
37:05 Heavy Scorpion
37:56 Siege Engineers
38:13 Ballistics
39:29 Chain Barding Armor
38:36 Siege Ram
40:18 Crop Rotation
43:07 Architecture
43:38 Chemistry
43:10 Architecture
강해린
1:39 Loom
11:28 Feudal Age
13:01 Double-Bit Axe
17:21 Horse Collar
18:57 Gold Mining
28:21 Castle Age
27:58 Wheelbarrow
27:20 Stone Mining
29:33 Bow Saw
29:23 Heavy Plow
30:02 Husbandry
30:54 Hand Cart
35:30 Bloodlines
37:09 Forging
37:04 Scale Barding Armor
37:38 Town Watch
42:36 Imperial Age
40:35 Town Patrol
41:46 Caravan
42:17 Coinage
42:54 Chain Barding Armor
43:09 Iron Casting
44:37 Stone Shaft Mining
43:54 Cavalier
44:56 Conscription
46:23 Paladin
48:30 Plate Barding Armor
47:43 Paladin
ennio2mil
11:29 Feudal Age
14:47 Wheelbarrow
14:48 Double-Bit Axe
14:57 Gold Mining
17:24 Castle Age
16:23 Gold Mining
20:59 Gold Shaft Mining
20:57 Stone Mining
25:18 Hand Cart
29:36 Imperial Age
27:37 Scale Barding Armor
27:42 Forging
27:23 Fletching
27:37 Husbandry
28:16 Bow Saw
28:15 Loom
28:16 Town Watch
29:28 Chain Barding Armor
29:44 Iron Casting
30:53 Conscription
31:28 Chivalry
31:31 Cavalier
32:53 Plate Barding Armor
33:20 Blast Furnace
31:43 Cavalier
33:38 Paladin
37:49 Ballistics
38:30 Chemistry
37:28 Bodkin Arrow
40:51 Caravan
Connection lost

Rejoining the realm…

Still unreachable

The connection could not be restored.

Session expired

The server has moved on; the page needs a fresh start.